 Dungeon Crawl Stone Soup version 0.28.0-47-ge53b351184 (webtiles) character file.

Game seed: 18247150406476351937

152 Svend the Ruffian (level 5, -11/52 HPs)
             Began as a Troll Berserker on Apr 26, 2022.
             Was a Follower of Trog.
             Killed by an exploding dart slug (14 damage)
             ... ignited by their inner flame
             ... on level 3 of the Dungeon.
             The game lasted 00:10:16 (1720 turns).

Svend the Ruffian (Troll Berserker)                 Turns: 1720, Time: 00:10:18

Health: -11/52     AC:  4    Str: 25    XL:     5   Next: 11%
Magic:  4/4        EV: 10    Int:  5    God:    Trog [*.....]
Gold:   51         SH:  0    Dex:  9    Spells: 4/4 levels left

rFire   . . .      SeeInvis .   h - +4 quarterstaff (chaos)
rCold   . . .      Faith    .   (shield currently unavailable)
rNeg    . . .      Spirit   .   a - +0 animal skin
rPois   .          Reflect  .   (helmet restricted)
rElec   .          Harm     .   (no cloak)
rCorr   .          Rampage  .   (gloves unavailable)
Will    .....                   (boots unavailable)
Stlth   +.........              (no amulet)
HPRegen 0.97/turn               (no ring)
MPRegen 0.09/turn               (no ring)

@: no status effects
A: large, unfitting armour, claws 3, regeneration 1, shaggy fur 1, tough skin 1
a: Renounce Religion, Berserk


You were on level 3 of the Dungeon.
You worshipped Trog.
Trog was aware of your devotion.
You visited 1 branch of the dungeon, and saw 3 of its levels.

You collected 51 gold pieces.

Inventory:

Hand Weapons
 h - a +4 quarterstaff of chaos (weapon)
Armour
 a - a +0 animal skin (worn)
Scrolls
 b - 3 scrolls of magic mapping {unknown}
Potions
 c - a potion of resistance {unknown}
 d - a potion of berserk rage {unknown}
 f - 2 potions of degeneration {unknown}
 g - a potion of haste {unknown}


   Skills:
 * Level 2.8 Fighting
 * Level 1.0 Throwing
 * Level 0.8 Armour
 * Level 3.1 Dodging
 * Level 0.5 Stealth
 * Level 4.2 Unarmed Combat


You had 4 spell levels left.
You didn't know any spells.
Your spell library was empty.

Dungeon Overview and Level Annotations

Branches:
Dungeon (3/15)

Altars:
Qazlal

Annotations:
D:3 Jessica


Innate Abilities, Weirdness & Mutations

You are too large for most types of armour.
You have claws for hands.
Your natural rate of healing is unusually fast.
You are covered in fur. (AC +1)
You have tough skin. (AC +1)


Message History

You recover from your berserk rage.
A dart slug comes into view.
Found 4 gold pieces.
Jessica the Apprentice Sorceress comes into view.
She is wielding a +0 dagger.
Jessica shouts!
A hobgoblin comes into view.
The hobgoblin shouts!
The dart slug launches a dart at you. The slug dart hits you.
Jessica casts a spell at you. Pain shoots through your body!
The dart slug launches a dart at you. The slug dart hits you.
Jessica casts a spell at you. Pain shoots through your body!
Really read the scroll of immolation?
As you read the scroll of immolation, it crumbles to dust.
The creatures around you are filled with an inner flame!
Jessica mumbles some strange words.
Jessica blinks!
The hobgoblin barely misses you.
You closely miss the hobgoblin. The hobgoblin closely misses you.
You closely miss the hobgoblin. The hobgoblin barely misses you.
Jessica mumbles some strange words.
Jessica blinks!
The dart slug launches a dart at you. The slug dart misses you.
The hobgoblin hits you.
You hit the hobgoblin.
Flame seeps out of the hobgoblin.
The hobgoblin is heavily wounded.
The hobgoblin is engulfed in blazing flames.
Trog accepts your kill.
The hobgoblin explodes!
The fiery explosion engulfs the dart slug!!!
Trog accepts your kill. The fiery explosion engulfs you!!
Ouch! That really hurt!
* * * LOW HITPOINT WARNING * * *
The dart slug explodes!
The fiery explosion engulfs you!
You die...

#.## #.# ...###.# .#
#..##.#####...
#####.#><.......# #
#........######.#.##
#...................
#.######..#.........
#...................
########...§@§......
##.§§○##....#
#.§§§§.....#
#..........#
#..........#
#...@..... .
#.........
#$.........
#.........


You could see Jessica (inner flame).

Vanquished Creatures
  Crazy Yiuf (D:2)
  Terence (D:2)
  An adder (D:2)
  5 gnolls
  4 dart slugs
  4 ball pythons
  2 bats (D:2)
  3 endoplasms
  3 giant cockroaches (D:1)
  2 goblins (D:1)
  4 hobgoblins
  3 jackals (D:2)
  A kobold (D:1)
  2 quokkas (D:2)
  2 frilled lizards (D:1)
  3 rats
41 creatures vanquished.

Vanquished Creatures (others)
  4 plants
4 creatures vanquished.

Grand Total: 45 creatures vanquished

Notes
Turn   | Place    | Note
-------+----------+-------------------------------------------
     0 | D:1      | Svend the Troll Berserker began the quest for the Orb.
     0 | D:1      | Reached XP level 1. HP: 22/22 MP: 0/0
   159 | D:1      | Reached XP level 2. HP: 29/29 MP: 1/1
   449 | D:1      | Reached XP level 3. HP: 36/36 MP: 2/2
   996 | D:2      | Found a stormy altar of Qazlal.
  1130 | D:2      | Noticed Terence
  1140 | D:2      | Killed Terence
  1141 | D:2      | Reached XP level 4. HP: 44/44 MP: 3/3
  1205 | D:2      | Reached skill level 4 in Unarmed Combat
  1619 | D:2      | Found a runed translucent door.
  1658 | D:2      | Noticed Crazy Yiuf
  1663 | D:2      | Killed Crazy Yiuf
  1664 | D:2      | Reached skill level 1 in Throwing
  1664 | D:2      | Reached XP level 5. HP: 52/52 MP: 4/4
  1710 | D:3      | Noticed Jessica
  1720 | D:3      | Killed by an exploding dart slug... ignited by their inner
                  | flame

Illustrated notes

Levels and vault maps discovered:
D:1:      lightli_arrival_windingriver, layout_basic, nicolae_grassy_gnolls
D:2:      layout_loops_ring, basic_altar, uniq_crazy_yiuf_cottage, uniq_terence
D:3:      layout_rooms, makhleb_altar_promises_db, serial_glass,
          glass_columns_a, glass_columns_c, wad_woods_river_04,
          kennysheep_generic_room_7, uniq_robin, uniq_ijyb, uniq_jessica

Skill      XL: |  1  2  3  4 |
---------------+-------------+-----
Dodging        | 3 |  3.1
Unarmed Combat | 4 |  4.2
Throwing       | 1 |  1.0
Fighting       | |  2.8
Armour         | |  0.8
Stealth        | |  0.5

Action                   |  1- 3 |  4- 6 || total
-------------------------+-------+-------++-------
Melee: Unarmed           |    85 |    27 ||   112
       Punch             |     2 |       ||     2
       Quarterstaff      |       |     3 ||     3
Throw: Dart              |    17 |     2 ||    19
       Throwing net      |       |     2 ||     2
Invok: Berserk           |     7 |     3 ||    10
  Use: Scroll            |     1 |     2 ||     3
       Potion            |     1 |       ||     1
 Stab: Sleeping          |     1 |     1 ||     2
Armor: Animal skin       |    37 |     7 ||    44
Dodge: Dodged            |    55 |    14 ||    69
